 Dungeon Crawl Stone Soup version 0.20-a0-217-g17e8ceb (webtiles) character file.

94 patrickswayze the Sneak (level 4, -2/27 HPs)
             Began as a Deep Elf Chaos Knight on Nov 28, 2016.
             Slain by a killer bee (9 damage)
             ... on level 3 of the Dungeon.
             The game lasted 00:03:42 (2363 turns).

patrickswayze the Sneak (Deep Elf Chaos Knight)     Turns: 2363, Time: 00:03:43

Health: -2/27      AC:  3    Str:  9    XL:     4   Next: 38%
Magic:  6/6        EV: 12    Int: 17    God:    Xom [.*....]
Gold:   199        SH:  0    Dex: 15    Spells: 3/3 levels left

rFire  + . .     SeeInvis .     a - +0 short sword (chaos)
rCold  + . .     Gourm    .     o - +0 leather armour {rN+}
rNeg   + . .     Faith    .     (no shield)
rPois  +         Spirit   .     (no helmet)
rElec  +         Reflect  .     (no cloak)
rCorr  +         Harm     .     (no gloves)
MR     .....                    (no boots)
Stlth  +++.......               (no amulet)
                                d - ring of poison resistance
                                g - ring of wizardry

@: resistant, flying
A: no striking features
a: Renounce Religion


You were on level 3 of the Dungeon.
You worshipped Xom.
You were a plaything of Xom.
You were not hungry.

You visited 1 branch of the dungeon, and saw 3 of its levels.

You collected 199 gold pieces.


   Skills:
 - Level 2.4 Fighting
 - Level 3.0 Short Blades
 - Level 0.7 Armour
 - Level 2.4 Dodging
 + Level 5.4 Stealth


You had 3 spell levels left.
You didn't know any spells.

Inventory:

Hand Weapons
 a - a +0 short sword of chaos (weapon)
Armour
 o - a +0 leather armour of positive energy (worn)
Jewellery
 d - a ring of poison resistance (right hand)
 f - an uncursed ring of protection from fire
 g - a ring of wizardry (left hand)
Scrolls
 h - a scroll of remove curse
Potions
 n - a potion of resistance
Comestibles
 c - 2 bread rations
 l - 2 meat rations


Message History

The killer bee closely misses you.
The killer bee buzzes angrily.
You closely miss the killer bee.
Xom makes a sudden noise!
You hear the distant roaring of an enraged frog.
You hear an angry buzzing noise.
You hear a shout!
You hear a bark! x3
You hear a shout!
The killer bee stings you but does no damage.
Okay, then.
Okay, then.
You aren't carrying any items that you can evoke.
Unknown command.
The killer bee barely misses you. Xom grants you insight.
You detect creatures!
The killer bee stings you!
* * * LOW HITPOINT WARNING * * *
The killer bee barely misses you. x2
You feel better. The killer bee stings you!
You die...
Xom is highly amused!

............#.#
###.####.##...# .........#
#.#<.###..# # #
#..###..#####.#
.#.#..#...........
...............#.
......#.##..##.#.#
.r.......#@##..##.#.# g..
.#....yyy...#.#.# ....
#.####y..#.#.#.# ..#..
#...#...#.# #+#+ .....####
#...##..#.#.....
........###h..##..#.......
....................#
.#####.#.###.##..#.#
#####.#.# #.....#.#


You could see 4 killer bees and a jackal.

Vanquished Creatures
  4 adders
  An ooze (D:2)
  2 worms (D:2)
  3 dart slugs
  2 leopard geckos
  An orc (D:3)
  2 giant cockroaches
  3 goblins
  2 hobgoblins (D:2)
  2 jackals
  A quokka (D:2)
  3 bats
  4 frilled lizards
  10 kobolds
  5 rats
45 creatures vanquished.

Notes
Turn   | Place    | Note
-------+----------+-------------------------------------------
     0 | D:1      | patrickswayze the Deep Elf Chaos Knight began the quest for the Orb.
     0 | D:1      | Reached XP level 1. HP: 13/13 MP: 3/3
   158 | D:1      | Reached skill level 1 in Stealth
   206 | D:1      | Reached skill level 2 in Stealth
   206 | D:1      | Reached XP level 2. HP: 18/18 MP: 4/4
   210 | D:1      | XOM: harmless Pois miscast
   267 | D:1      | XOM: harmless Ice miscast
   423 | D:1      | XOM is BORED!
   423 | D:1      | XOM: noise
   448 | D:1      | XOM: harmless Erth miscast
   781 | D:1      | Reached skill level 3 in Stealth
  1180 | D:2      | Reached XP level 3. HP: 22/22 MP: 5/5
  1258 | D:2      | Reached skill level 4 in Stealth
  1491 | D:2      | Found a glowing silver altar of Zin.
  1681 | D:2      | Reached skill level 5 in Stealth
  1681 | D:2      | Reached XP level 4. HP: 15/27 MP: 6/6
  1818 | D:2      | XOM: god gift: runed robe {god gift}
  1828 | D:2      | Found a snail-covered altar of Cheibriados.
  1994 | D:2      | XOM: noise
  2357 | D:3      | XOM: noise
  2360 | D:3      | XOM: divination: detect creatures
  2362 | D:3      | HP: 2/27 [killer bee (8)]
  2363 | D:3      | Slain by a killer bee

Vault maps used:
D:1:      scummos_arrival_gate
D:2:      marbit_many_paths, old_standard_altar
D:3:      eat_drink_and_be_merry_uskayaw, first_bread

Action                   |  1- 3 |  4- 6 || total
-------------------------+-------+-------++-------
Melee: Short sword       |   131 |    34 ||   165
  Use: Scroll            |     1 |     6 ||     7
       Potion            |     1 |     8 ||     9
 Stab: Sleeping          |     4 |     2 ||     6
       Distracted        |     1 |       ||     1
       Confused          |       |     1 ||     1
  Eat: Chunk             |     2 |     3 ||     5
Armor: Leather armour    |    31 |     3 ||    34
Dodge: Dodged            |    67 |    34 ||   101
